NWL (28 & UNDER)
BISMARCK BARONS @ MENLO MANIACS
08/23/2027
 
TOP OF THE 1ST
Bismarck Barons batting - Pitching for Menlo Maniacs : RHP Daniel Betteridge
Pitching: RHP Daniel Betteridge
Batting: SHB Álex Hernández 0-0: Ball
1-0: Called Strike
1-1: Foul Ball, location: 2F
1-2: Ball
2-2: Ground out 1-3 (Groundball, 13)
Batting: LHB John Frost 0-0: Called Strike
0-1: Called Strike
0-2: Ball
1-2: Strikes out swinging
Batting: RHB Michael Thomas 0-0: Ball
1-0: Called Strike
1-1: Ball
2-1: Foul Ball, location: 2F
2-2: Foul Ball, location: 2F
2-2: Strikes out looking
Top of the 1st over - 0 run(s), 0 hit(s), 0 error(s), 0 left on base; Bismarck 0 - Menlo 0
BOTTOM OF THE 1ST
Menlo Maniacs batting - Pitching for Bismarck Barons : RHP Gene McNeil
Pitching: RHP Gene McNeil
Batting: RHB Byron Bracy 0-0: Called Strike
0-1: Swinging Strike
0-2: Strikes out swinging
Batting: RHB Luis Ramírez 0-0: Ball
1-0: Ball
2-0: SINGLE (Line Drive, 4MD)
Batting: LHB Bill McCraney 0-0: Called Strike
0-1: Ball
1-1: Reached on error, E4 (Groundball, 4)
Luis Ramírez to second
Batting: RHB Jason Blair 0-0: Fly out, F9 (Flyball, 9D)
Runner from 2nd tags up, SAFE at 3rd, no throw
Batting: LHB Tim Ramsey 0-0: Ball
1-0: Swinging Strike
1-1: Foul Ball, location: 2F
1-2: Strikes out looking
Bottom of the 1st over - 0 run(s), 1 hit(s), 1 error(s), 2 left on base; Bismarck 0 - Menlo 0
TOP OF THE 2ND
Bismarck Barons batting - Pitching for Menlo Maniacs : RHP Daniel Betteridge
Batting: LHB José Martínez 0-0: Ball
1-0: Ball
2-0: Called Strike
2-1: Called Strike
2-2: Ball
3-2: Base on Balls
Batting: LHB Jesús Bueno 0-0: Swinging Strike
0-1: Ball
1-1: SINGLE (Line Drive, 6MD)
José Martínez to second
Batting: SHB Manuel Hegnauer 0-0: Ball
1-0: Ball
2-0: Swinging Strike
2-1: Ball
3-1: Ground out 5-3 (Groundball, 5D)
José Martínez to third
Jesús Bueno to second
Batting: SHB Jeff Chambers 0-0: Ball
1-0: Ball
2-0: Ball
3-0: Called Strike
3-1: Ground out 4-3 (Groundball, 4)
José Martínez scores
Jesús Bueno to third
Batting: RHB Fernando Castellanos 0-0: Foul Ball, location: 2F
0-1: Foul Ball, location: 2F
0-2: Ball
1-2: Ball
2-2: Ball
3-2: Foul Ball, location: 2F
3-2: Foul Ball, location: 2F
3-2: Fly out, F8 (Line Drive, 8RM)
Top of the 2nd over - 1 run(s), 1 hit(s), 0 error(s), 1 left on base; Bismarck 1 - Menlo 0
BOTTOM OF THE 2ND
Menlo Maniacs batting - Pitching for Bismarck Barons : RHP Gene McNeil
Batting: RHB Kyle Mann 0-0: Foul Ball, location: 2F
0-1: Ball
1-1: Swinging Strike
1-2: Ball
2-2: Fly out, F8 (Flyball, 8RM)
Batting: RHB Currito Campos 0-0: Ball
1-0: SOLO HOME RUN (Flyball, 7D), Distance : 382 ft
Batting: LHB Ken Smith 0-0: Called Strike
0-1: Ball
1-1: Called Strike
1-2: Foul Ball, location: 2F
1-2: Ball
2-2: Ball
3-2: Strikes out swinging
Batting: RHB Vaughan Price 0-0: Ball
1-0: Ball
2-0: Called Strike
2-1: Ground out 6-3 (Groundball, 6)
Bottom of the 2nd over - 1 run(s), 1 hit(s), 0 error(s), 0 left on base; Bismarck 1 - Menlo 1
TOP OF THE 3RD
Bismarck Barons batting - Pitching for Menlo Maniacs : RHP Daniel Betteridge
Batting: RHB Pancho Torres 0-0: Ball
1-0: Ball
2-0: SINGLE (Line Drive, 6MD)
Batting: SHB Álex Hernández 0-0: Called Strike
0-1: Foul Ball, location: 2F
0-2: Ball
1-2: Foul Ball, location: 2F
1-2: Fly out, F8 (Flyball, 78M)
Batting: LHB John Frost 0-0: Called Strike
Pancho Torres steals 2nd base
0-1: Ball
1-1: Called Strike
1-2: Ball
2-2: Foul Ball, location: 2F
2-2: DOUBLE (Line Drive, 7)
Pancho Torres scores
Batting: RHB Michael Thomas 0-0: Called Strike
0-1: Fly out, F3 (Line Drive, 3S)
Batting: LHB José Martínez 0-0: Ball
1-0: Ball
2-0: Foul Ball, location: 2F
2-1: Hit by Pitch
Pitching: RHP Gerard Gustafson
Batting: LHB Jesús Bueno 0-0: Ball
1-0: Ball
2-0: Called Strike
2-1: Ball
3-1: DOUBLE (Flyball, 78XD)
John Frost scores
José Martínez to third
Batting: SHB Manuel Hegnauer 0-0: Ball
1-0: Foul Ball, location: 2F
1-1: Ball
2-1: Ball
3-1: Swinging Strike
3-2: Fly out, F6 (Popup, 6M)
Top of the 3rd over - 2 run(s), 3 hit(s), 0 error(s), 2 left on base; Bismarck 3 - Menlo 1
BOTTOM OF THE 3RD
Menlo Maniacs batting - Pitching for Bismarck Barons : RHP Gene McNeil
Batting: RHB Byron Bracy 0-0: Called Strike
0-1: Ball
1-1: Foul Ball, location: 2F
1-2: Strikes out swinging, 2-3 out at first.
Batting: RHB Luis Ramírez 0-0: Called Strike
0-1: Swinging Strike
0-2: Foul Ball, location: 2F
0-2: Ball
1-2: Ball
2-2: Strikes out swinging
Batting: LHB Bill McCraney 0-0: Called Strike
0-1: SOLO HOME RUN (Flyball, 9LD), Distance : 351 ft
Batting: RHB Jason Blair 0-0: Foul Ball, location: 2F
0-1: Fly out, F8 (Flyball, 8LM)
Bottom of the 3rd over - 1 run(s), 1 hit(s), 0 error(s), 0 left on base; Bismarck 3 - Menlo 2
TOP OF THE 4TH
Bismarck Barons batting - Pitching for Menlo Maniacs : RHP Gerard Gustafson
Batting: SHB Jeff Chambers 0-0: Fly out, F9 (Flyball, 9)
Batting: RHB Fernando Castellanos 0-0: Called Strike
0-1: Swinging Strike
0-2: Strikes out looking
Batting: RHB Pancho Torres 0-0: Fly out, F9 (Line Drive, 9)
Top of the 4th over - 0 run(s), 0 hit(s), 0 error(s), 0 left on base; Bismarck 3 - Menlo 2
BOTTOM OF THE 4TH
Menlo Maniacs batting - Pitching for Bismarck Barons : RHP Gene McNeil
Batting: LHB Tim Ramsey 0-0: Ground out 1-3 (Groundball, 15S)
Batting: RHB Kyle Mann 0-0: Called Strike
0-1: Ball
1-1: Ball
2-1: Foul Ball, location: 2F
2-2: Ground out 6-3 (Groundball, 6)
Batting: RHB Currito Campos 0-0: Called Strike
0-1: Ball
1-1: Called Strike
1-2: Ground out 6-3 (Groundball, 6)
Bottom of the 4th over - 0 run(s), 0 hit(s), 0 error(s), 0 left on base; Bismarck 3 - Menlo 2
TOP OF THE 5TH
Bismarck Barons batting - Pitching for Menlo Maniacs : RHP Gerard Gustafson
Batting: SHB Álex Hernández 0-0: Ball
1-0: Fly out, F6 (Line Drive, 6M)
Batting: LHB John Frost 0-0: Ball
1-0: Bunt missed!
1-1: Ground out U3 (Groundball, 34)
Batting: RHB Michael Thomas 0-0: Foul Ball, location: 2F
0-1: DOUBLE (Line Drive, 7LD)
Batting: LHB José Martínez 0-0: Called Strike
0-1: Ball
1-1: Ball
2-1: Fly out, F7 (Flyball, 7LS)
Top of the 5th over - 0 run(s), 1 hit(s), 0 error(s), 1 left on base; Bismarck 3 - Menlo 2
BOTTOM OF THE 5TH
Menlo Maniacs batting - Pitching for Bismarck Barons : RHP Gene McNeil
Batting: LHB Ken Smith 0-0: Ball
1-0: Ground out 3-1 (Groundball, 34)
Batting: RHB Vaughan Price 0-0: Foul Ball, location: 2F
0-1: Ball
1-1: Ground out 4-3 (Groundball, 4MS)
Batting: RHB Byron Bracy 0-0: Ball
1-0: Ground out 5-3 (Groundball, 56S)
Bottom of the 5th over - 0 run(s), 0 hit(s), 0 error(s), 0 left on base; Bismarck 3 - Menlo 2
TOP OF THE 6TH
Bismarck Barons batting - Pitching for Menlo Maniacs : RHP Gerard Gustafson
Batting: LHB Jesús Bueno 0-0: Ball
1-0: SINGLE (Flyball, 89S)
Batting: SHB Manuel Hegnauer 0-0: Called Strike
0-1: Ball
1-1: Reached on error, E5 (Groundball, 2L)
Jesús Bueno to second
Batting: SHB Jeff Chambers 0-0: Ball
1-0: Ball
2-0: Called Strike
2-1: Called Strike
2-2: Ball
3-2: Foul Ball, location: 2F
3-2: Base on Balls
Jesús Bueno to third
Manuel Hegnauer to second
Batting: RHB Fernando Castellanos 0-0: Called Strike
0-1: Swinging Strike
0-2: Ball
1-2: Foul Ball, location: 2F
1-2: Ball
2-2: Foul Ball, location: 2F
2-2: Strikes out swinging
Batting: RHB Pancho Torres 0-0: SINGLE (Groundball, 56D)
Jesús Bueno scores
Manuel Hegnauer to third
Jeff Chambers to second
Batting: SHB Álex Hernández 0-0: Grounds into fielders choice 2-2 (Groundball, 15S)
Jeff Chambers to third
Pancho Torres to second
Batting: LHB John Frost 0-0: Swinging Strike
0-1: Ball
1-1: Swinging Strike
1-2: Fielders Choice at 2nd, 4-6 (Groundball, 4)
Top of the 6th over - 1 run(s), 2 hit(s), 1 error(s), 2 left on base; Bismarck 4 - Menlo 2
BOTTOM OF THE 6TH
Menlo Maniacs batting - Pitching for Bismarck Barons : RHP Gene McNeil
Batting: RHB Luis Ramírez 0-0: Ball
1-0: Foul Ball, location: 2F
1-1: SINGLE (Line Drive, 4MD)
Batting: LHB Bill McCraney 0-0: Called Strike
0-1: Foul Ball, location: 2F
0-2: Grounds out, U3 (Groundball, 3L)
Batting: RHB Jason Blair 0-0: Ground out 5-3 (Groundball, 25)
Luis Ramírez to third
Batting: LHB Tim Ramsey 0-0: Called Strike
0-1: Ball
1-1: Ball
2-1: Fly out, F7 (Flyball, 7D)
Bottom of the 6th over - 0 run(s), 1 hit(s), 0 error(s), 1 left on base; Bismarck 4 - Menlo 2
TOP OF THE 7TH
Bismarck Barons batting - Pitching for Menlo Maniacs : RHP Gerard Gustafson
Pitching: RHP Jesús Martínez
Batting: RHB Michael Thomas 0-0: Called Strike
0-1: Fly out, F9 (Flyball, 9S)
Batting: LHB José Martínez 0-0: Foul Ball, location: 2F
0-1: Ball
1-1: Ground out 6-3 (Groundball, 6)
Batting: LHB Jesús Bueno 0-0: Called Strike
0-1: Ball
1-1: Foul Ball, location: 2F
1-2: Foul Ball, location: 2F
1-2: Ball
2-2: Ball
3-2: Base on Balls
Batting: SHB Manuel Hegnauer 0-0: Called Strike
0-1: Swinging Strike
0-2: Strikes out swinging
Top of the 7th over - 0 run(s), 0 hit(s), 0 error(s), 1 left on base; Bismarck 4 - Menlo 2
BOTTOM OF THE 7TH
Menlo Maniacs batting - Pitching for Bismarck Barons : RHP Gene McNeil
Batting: RHB Kyle Mann 0-0: Ball
1-0: Foul Ball, location: 2F
1-1: Swinging Strike
1-2: Fly out, F9 (Flyball, 9LM)
Batting: RHB Currito Campos 0-0: Foul Ball, location: 2F
0-1: Ball
1-1: Foul Ball, location: 2F
1-2: Ball
2-2: Foul Ball, location: 2F
2-2: SINGLE (Line Drive, 89S)
Pitching: RHP Armando Torres
Batting: LHB Ken Smith 0-0: SINGLE (Line Drive, 9S)
Currito Campos to second
Pinch Runner at 2nd Jimmy Skinner:
Batting: RHB Vaughan Price 0-0: Swinging Strike
0-1: Ball
1-1: SINGLE (Line Drive, 4D)
Jimmy Skinner to third
Ken Smith to second
Runner from 3rd tries for Home, SAFE, no throw
Pinch Hitting: LHB Frank Young 0-0: Ball
1-0: Foul Ball, location: 2F
1-1: Ground out U3 (Groundball, 3L)
Ken Smith to third
Vaughan Price to second
Batting: RHB Luis Ramírez 0-0: Called Strike
0-1: SINGLE (Line Drive, 89S)
Ken Smith scores
Vaughan Price to third
Runner from 3rd tries for Home, SAFE, no throw
Batting: LHB Bill McCraney 0-0: Ball
1-0: Ball
2-0: Ball
3-0: Base on Balls
Luis Ramírez to second
Batting: RHB Jason Blair 0-0: Called Strike
0-1: Ball
1-1: Ball
2-1: Ball
3-1: Ground out 5-3 (Groundball, 5S)
Bottom of the 7th over - 3 run(s), 4 hit(s), 0 error(s), 2 left on base; Bismarck 4 - Menlo 5
TOP OF THE 8TH
Bismarck Barons batting - Pitching for Menlo Maniacs : RHP Jesús Martínez
Pitching: LHP Joe Jenkins
Now at SS: Chris Hall
Now in CF: Frank Young
Batting: SHB Jeff Chambers 0-0: Called Strike
0-1: Foul Ball, location: 2F
0-2: Strikes out looking
Batting: RHB Fernando Castellanos 0-0: Ball
1-0: Called Strike
1-1: Fly out, F9 (Flyball, 89M)
Batting: RHB Pancho Torres 0-0: Ground out 5-3 (Groundball, 56)
Top of the 8th over - 0 run(s), 0 hit(s), 0 error(s), 0 left on base; Bismarck 4 - Menlo 5
BOTTOM OF THE 8TH
Menlo Maniacs batting - Pitching for Bismarck Barons : RHP Armando Torres
Batting: LHB Tim Ramsey 0-0: Ball
1-0: Ball
2-0: Fly out, F8 (Flyball, 8RM)
Batting: RHB Kyle Mann 0-0: Ball
1-0: Called Strike
1-1: Swinging Strike
1-2: Foul Ball, location: 2F
1-2: Strikes out looking
Batting: RHB Jimmy Skinner 0-0: Fly out, F7 (Flyball, 7LM)
Bottom of the 8th over - 0 run(s), 0 hit(s), 0 error(s), 0 left on base; Bismarck 4 - Menlo 5
TOP OF THE 9TH
Bismarck Barons batting - Pitching for Menlo Maniacs : LHP Joe Jenkins
Pitching: RHP Fernando Valdés
Now at C: Gilberto León
Batting: SHB Álex Hernández 0-0: Foul Ball, location: 2F
0-1: Called Strike
0-2: Strikes out looking
Batting: LHB John Frost 0-0: DOUBLE (Flyball, 89XD)
Batting: RHB Michael Thomas 0-0: Ball
1-0: SINGLE (Line Drive, 9S)
John Frost to third
Runner from 3rd tries for Home, SAFE, no throw
Batting: LHB José Martínez 0-0: Ball
Michael Thomas steals 2nd base
1-0: Called Strike
1-1: Ball
2-1: Ball
3-1: Base on Balls
Batting: LHB Jesús Bueno 0-0: SINGLE (Line Drive, 9LS)
Michael Thomas to third
José Martínez to second
Batting: SHB Manuel Hegnauer 0-0: Ball
1-0: Ball
2-0: Ball
3-0: Called Strike
3-1: Base on Balls
Michael Thomas scores
José Martínez to third
Jesús Bueno to second
Batting: SHB Jeff Chambers 0-0: Ball
1-0: Ball
2-0: Fly out, F8 (Flyball, 89M)
Batting: RHB Fernando Castellanos 0-0: Swinging Strike
0-1: Called Strike
0-2: Ball
1-2: Strikes out looking
Top of the 9th over - 2 run(s), 3 hit(s), 0 error(s), 3 left on base; Bismarck 6 - Menlo 5
BOTTOM OF THE 9TH
Menlo Maniacs batting - Pitching for Bismarck Barons : RHP Armando Torres
Pitching: LHP Christiano Gomes
Now at 3B: Mark Roy
Pinch Hitting: RHB Eleuterio Supardo 0-0: Foul Ball, location: 2F
0-1: Ball
1-1: Called Strike
1-2: Ball
2-2: Strikes out swinging
Batting: RHB Gilberto León 0-0: Called Strike
0-1: Ball
1-1: Ball
2-1: Foul Ball, location: 2F
2-2: Foul Ball, location: 2F
2-2: Foul Ball, location: 2F
2-2: Fly out, F8 (Flyball, 8RS)
Batting: LHB Frank Young 0-0: Fly out, F8 (Flyball, 8LD)
Bottom of the 9th over - 0 run(s), 0 hit(s), 0 error(s), 0 left on base; Bismarck 6 - Menlo 5
Thursday, March 30th, 2017 - OOTP Baseball 17.12 Build 75